Map: Ley Lines

Players

KimChiLoVer - Winner!

  • Race: Terran Terran
  • Spawn Location: 1:00

VOD

Have the link to the VOD?

Description

Time

  • Played on: Aug. 15, 2025, 10:06 p.m.
  • Length: 10:09
Show
View Real Time Build Order
Export as new Build Order

KimChiLoVer Terran - Winner!

Build Orders: Reaper Expand 

Get SALT Encoding   

  12  0:02  SCV  
  12  0:14  SCV  
  12  0:18  Supply Depot  
  12  0:26  SCV  
  12  0:40  SCV  
  12  0:41  Barracks  
  12  0:45  Refinery  
  12  0:52  SCV  
  12  1:04  SCV  
  12  1:16  SCV  
  12  1:28  Orbital Command  
  12  1:29  Reaper  
  12  1:39  Command Center  
  12  1:51  Supply Depot  
  12  1:54  SCV  
  12  2:01  Marine  
  12  2:04  Factory  
  12  2:10  SCV  
  12  2:15  Refinery  
  12  2:22  SCV, Barracks Reactor  
  12  2:34  SCV  
  12  2:36  Barracks  
  12  2:38  Barracks  
  12  2:46  SCV  
  12  2:48  Factory Tech Lab  
  12  2:57  Orbital Command  
  12  2:59  SCV  
  12  3:16  Marine x2  
  12  3:19  SCV  
  12  3:26  Command Center  
  12  3:31  Marine  
  12  3:32  SCV  
  12  3:33  SCV  
  12  3:37  Stimpack  
  12  3:39  Marine  
  12  3:41  Marine  
  12  3:47  Starport  
  12  3:49  Factory Reactor  
  12  3:54  SCV  
  12  3:55  SCV  
  12  4:00  Supply Depot  
  12  4:01  Marine  
  12  4:06  SCV  
  12  4:09  Engineering Bay  
  12  4:13  Engineering Bay  
  12  4:17  SCV  
  12  4:18  SCV  
  12  4:25  Barracks  
  12  4:29  SCV  
  12  4:33  SCV  
  12  4:35  Refinery  
  12  4:37  Factory Tech Lab  
  12  4:38  Medivac  
  12  4:40  Medivac  
  12  4:41  SCV  
  12  4:43  Terran Infantry Weapons Level 1  
  12  4:45  Terran Infantry Armor Level 1  
  12  4:50  Orbital Command  
  12  4:55  Barracks  
  12  4:58  SCV  
  12  4:59  SCV  
  12  5:09  Reaper  
  12  5:10  SCV  
  12  5:15  Armory  
  12  5:20  Marine x2  
  12  5:21  Combat Shield  
  12  5:24  Barracks Reactor  
  12  5:27  Orbital Command  
  12  5:30  SCV  
  12  5:31  Barracks Tech Lab  
  12  5:32  Refinery, SCV  
  12  5:42  SCV  
  12  5:44  SCV, Barracks  
  12  5:49  Barracks  
  12  5:50  Barracks  
  12  5:51  Medivac x2  
  12  5:52  Marine  
  12  5:55  Supply Depot  
  12  5:57  Supply Depot  
  12  6:01  SCV  
  12  6:06  SCV  
  12  6:08  Barracks Tech Lab  
  12  6:14  Terran Vehicle And Ship Armor Level 1, SCV  
  12  6:17  Supply Depot  
  12  6:26  SCV  
  12  6:27  Marine x2  
  12  6:28  Marauder x2  
  12  6:30  Concussive Shells  
  12  6:33  Barracks Reactor  
  12  6:36  Marine  
  12  6:37  Marauder  
  12  6:41  Marine x2  
  12  6:42  Marine  
  12  6:44  Medivac x2  
  12  6:45  Marine x2  
  12  6:48  Marine x2  
  12  6:49  Command Center  
  12  6:51  Terran Infantry Weapons Level 2  
  12  6:57  Refinery  
  12  7:05  Terran Infantry Armor Level 2  
  12  7:07  Marine x3  
  12  7:13  Barracks Tech Lab  
  12  7:15  Marine x2  
  12  7:20  Starport  
  12  7:24  Supply Depot  
  12  7:25  Supply Depot  
  12  7:33  Marine  
  12  7:40  Marine x3  
  12  7:44  Barracks Reactor  
  12  7:46  Marine x3  
  12  7:48  Marine x3  
  12  7:50  Marine  
  12  7:51  Supply Depot  
  12  7:57  Supply Depot  
  12  7:58  Marine x3  
  12  7:59  Siege Tank  
  12  8:01  Starport Reactor  
  12  8:02  Medivac x2  
  12  8:04  SCV, Marine x3  
  12  8:05  SCV x2  
  12  8:08  Orbital Command  
  12  8:16  SCV  
  12  8:17  Marauder x3, SCV x2, Marine  
  12  8:22  Marauder  
  12  8:23  Supply Depot  
  12  8:28  SCV, Supply Depot  
  12  8:29  SCV x2  
  12  8:30  Marine  
  12  8:38  Marauder x2  
  12  8:40  SCV  
  12  8:41  Viking x2  
  12  8:42  Viking  
  12  8:45  Viking  
  12  8:50  SCV  
  12  8:59  Supply Depot  
  12  9:01  Supply Depot  
  12  9:02  SCV  
  12  9:03  SCV x3  
  12  9:04  Marauder x2, Marine x2  
  12  9:05  Marauder  
  12  9:09  Marauder  
  12  9:10  Marine x2  
  12  9:14  SCV  
  12  9:15  SCV  
  12  9:20  Supply Depot  
  12  9:25  Siege Tank  
  12  9:26  Medivac  
  12  9:27  Viking  
  12  9:28  Medivac  
  12  9:30  Marine x3  
  12  9:31  Marine x2  
  12  9:32  Marine  
  12  9:38  Supply Depot  
  12  9:39  Marauder, Marine x2  
  12  9:47  Marauder x2, Marine, Refinery  
  12  9:48  Marine x4  
Tags
 
Add a new tag
Caveats
  • Supply blocks, unpowered buildings, or Contaminate may cause inaccurate times.
  • Supply counts are checked every 10 seconds.